 Dungeon Crawl Stone Soup version 0.31.0-11-ge490571c62 (webtiles) character file.

Game seed: 11245727716753118971

137 qw the Shooter (level 5, 0/26 HPs)
             Began as a Spriggan Hunter on Feb 4, 2024.
             Slain by an orc
             ... wielding a +1 hand axe of distortion
              (21 damage)
             ... on level 4 of the Dungeon.
             The game lasted 00:00:07 (2123 turns).

qw the Shooter (Spriggan Hunter)                    Turns: 2123, Time: 00:00:08

Health: 0/26       AC:  2    Str:  7    XL:     5   Next: 0%
Magic:  6/6        EV: 20    Int: 10    God:
Gold:   107        SH:  0    Dex: 21    Spells: 4/4 levels left

rFire   . . .        a - +2 shortbow
rCold   + . .        (shield currently unavailable)
rNeg    . . .        c - +0 robe
rPois   .            (helmet restricted)
rElec   .            (no cloak)
rCorr   .            (gloves unavailable)
SInv    +            (boots unavailable)
Will    .....        (no amulet)
Stlth   ++           f - ring of protection from cold
HPRegen 0.24/turn    (no ring)
MPRegen 0.10/turn

%: no passive effects
@: very quick
A: very small, no large weapons, unfitting armour, see invisible, speed 3
a: no special abilities


You were on level 4 of the Dungeon.
You visited 1 branch of the dungeon, and saw 4 of its levels.

You collected 107 gold pieces.


Innate Abilities, Weirdness & Mutations

You are very small and have problems with some larger weapons.
You are too small for most types of armour.
You have supernaturally acute eyesight. (SInv)
You cover ground extremely quickly. (Speed+++)


   Skills:
 - Level 2.2 Fighting
 + Level 5.0 Ranged Weapons
 - Level 5.0 Dodging
 - Level 1.5 Stealth


You had 4 spell levels left.
You didn't know any spells.
Your spell library was empty.

Inventory:

Hand Weapons
 a - a +2 shortbow (weapon)
Armour
 c - a +0 robe (worn)
Jewellery
 f - a ring of protection from cold (left hand)
Scrolls
 d - 2 scrolls of teleportation
Potions
 b - a potion of curing
 g - 3 potions of might
 h - a potion of mutation
 i - a potion of attraction {unknown}
 j - a potion of resistance {unknown}
 k - a potion of cancellation {unknown}
 l - a potion of brilliance {unknown}

Dungeon Overview and Level Annotations

Branches:
Dungeon (4/15)
 Temple: D:4-7

Altars:

Shops:
D:3 [


Message History

Enter note:
d - 2 scrolls of teleportation (gained 1) As you open the door, it creaks loudly!
You hear a shout! x2
Found a helmet.
An orc comes into view. It is wielding a +0 dagger.
Found 6 stones.
There is an open door here.
You shoot an arrow. The arrow barely misses the orc.
An orc priest comes into view. It is wielding a +0 mace.
You shoot an arrow. The arrow barely misses the orc.
The arrow barely misses the orc priest.
You shoot an arrow. The arrow hits the orc!
You kill the orc!
You shoot an arrow.
The arrow hits the orc priest but does no damage.
You shoot an arrow. The arrow hits the orc priest!
The orc priest is severely wounded.
You shoot an arrow. The arrow hits the orc priest!
You kill the orc priest!
Your Fighting skill increases to level 2!
You have reached level 5!
You feel agile.
An orc comes into view.
It is wielding a +1 hand axe of distortion.
You shoot an arrow. The arrow barely misses the orc.
The orc shouts!
You shoot an arrow. The arrow closely misses the orc.
You shoot an arrow. The arrow hits the orc.
The orc is heavily wounded.
You shoot an arrow. The arrow closely misses the orc.
You shoot an arrow. The arrow barely misses the orc.
You shoot an arrow. The arrow hits the orc.
The orc is severely wounded.
The orc closely misses you.
You shoot an arrow. The arrow closely misses the orc.
The orc completely misses you.
You shoot an arrow. The arrow hits the orc.
The orc is almost dead.
The orc hits you with a +1 hand axe of distortion.
Space warps horribly around you!!
Ouch! That really hurt!
You die...

..##+###....##....
#......#....##.... .
#......#.....#.... ..
#......#.....#.... #.
#......#.....#.... #..
#......#.....%.... #...
#......#######....
#....##'#.........#####
#.....@.#..............
#.....o.#..............
#......)#..............
#......)#..............
#.[.....#..............
#.......#..............
#.(.##..#.........#####
###+ #..#######+###....
#.....


You could see an orc.

Vanquished Creatures
  An orc priest (D:4)
  4 adders
  3 dart slugs
  2 orcs (D:4)
  5 bats
  5 endoplasms
  A giant cockroach (D:2)
  8 goblins
  8 hobgoblins
  10 kobolds
  10 ball pythons
  5 rats
62 creatures vanquished.

Vanquished Creatures (others)
  A goblin (D:4)
1 creature vanquished.

Grand Total: 63 creatures vanquished

Notes
Turn   | Place    | Note
-------+----------+-------------------------------------------
     0 | D:1      | qw the Spriggan Hunter began the quest for the Orb.
     0 | D:1      | Reached XP level 1. HP: 10/10 MP: 2/2
     0 | D:1      | 0 ||| qw: Version: 0.3-a-160-g6735b56
     0 | D:1      | 0 ||| qw: Game counter: 4330
     0 | D:1      | 0 ||| qw: Melee chars always use a shield: true
     0 | D:1      | 0 ||| qw: God list: Okawaru
     0 | D:1      | 0 ||| qw: Allow faded altars: false
     0 | D:1      | 0 ||| qw: Do Orc after clearing Dungeon:15 true
     0 | D:1      | 0 ||| qw: Do second Lair branch before Depths: true
     0 | D:1      | 0 ||| qw: Lair rune preference: random
     0 | D:1      | 0 ||| qw: Goals: Normal
     0 | D:1      | 0 ||| PLANNING D:1-11
    79 | D:1      | Reached skill level 3 in Dodging
   269 | D:1      | Reached XP level 2. HP: 12/14 MP: 3/3
   840 | D:1      | 840 ||| READING scroll labelled SAKOR VECLOLUL.
   841 | D:1      | 841 ||| DROPPING scroll of butterflies.
   982 | D:2      | Reached XP level 3. HP: 18/18 MP: 4/4
  1472 | D:2      | 1472 ||| DROPPING scarf of harm.
  1473 | D:2      | 1473 ||| READING scroll labelled XIYDEA SUPNI.
  1473 | D:2      | 1473 ||| ENCHANTING +0 shortbow.
  1474 | D:2      | 1474 ||| READING 3 scrolls labelled BOLUAJERAI.
  1474 | D:2      | 1474 ||| IDENTIFYING sedimented grey potion
  1475 | D:2      | 1475 ||| READING 2 scrolls of identify.
  1475 | D:2      | 1475 ||| IDENTIFYING purple potion
  1476 | D:2      | 1476 ||| READING scroll of identify.
  1476 | D:2      | 1476 ||| IDENTIFYING bubbling coppery potion
  1477 | D:2      | 1477 ||| READING scroll labelled VOUROMU GEURGH.
  1478 | D:2      | 1478 ||| DROPPING potion of berserk rage.
  1516 | D:3      | 1516 ||| STAIRDANCE
  1523 | D:3      | HP: 4/18 [constriction (1)]
  1524 | D:3      | 1524 ||| DRINKING potion of heal wounds.
  1529 | D:3      | HP: 4/18 [poisoned by an adder]
  1532 | D:3      | HP: 1/18 [poisoned by an adder]
  1616 | D:3      | Reached XP level 4. HP: 22/22 MP: 5/5
  1871 | D:3      | Found Ucoplo's Antique Armour Shoppe.
  1876 | D:3      | 1876 ||| SHOPLISTING runed robe (111 gold, have 107).
  1954 | D:3      | 1954 ||| UPGRADING to ring of protection from cold.
  1955 | D:3      | 1955 ||| READING 2 scrolls of identify.
  1955 | D:3      | 1955 ||| IDENTIFYING cyan potion
  1956 | D:3      | 1956 ||| READING scroll of identify.
  1956 | D:3      | 1956 ||| IDENTIFYING sedimented golden potion
  1957 | D:3      | 1957 ||| READING scroll labelled REHEYBRALOQ.
  2027 | D:4      | 2027 ||| READING scroll of enchant weapon.
  2027 | D:4      | 2027 ||| ENCHANTING +1 shortbow.
  2115 | D:4      | Reached XP level 5. HP: 26/26 MP: 6/6
  2123 | D:4      | Slain by an orc

Levels and vault maps discovered:
D:1:      dpeg_arrival_lava_temple_mockup, layout_loops_corners,
          minmay_hexomino_f4
D:2:      layout_loops_ring
D:3:      layout_rooms, serial_shops, nicolae_shop_pleasant_corner_grove
D:4:      kennysheep_the_goblin_king, layout_gridville

Skill      XL: |  1  2  3  4 |
---------------+-------------+-----
Dodging        | 3 4 5 |  5.0
Ranged Weapons | 5 |  5.0
Fighting       | 2 |  2.2
Stealth        | |  1.5

Action                     |  1- 3 |  4- 6 || total
---------------------------+-------+-------++-------
   Fire: Shortbow          |   108 |    73 ||   181
    Use: Scroll            |     6 |     4 ||    10
         Potion            |     1 |       ||     1
 Armour: Robe              |    14 |    13 ||    27
  Dodge: Dodged            |    38 |    39 ||    77

Table legend:
 A = Non-vault XP
 B = Vault XP
 C = Vault XP percentage of total XP
 D = Non-vault monster count
 E = Vault monster count
 F = Vault count percentage of total count
                 A         B        C        D         E       F
            +---------+---------+-------+---------+---------+-------
      Total |     182 |      14 |   7.1 |      54 |       8 |  12.9
            +---------+---------+-------+---------+---------+-------
        D:1 |      29 |       3 |   9.4 |      18 |       2 |  10.0
        D:2 |      43 |       0 |   0.0 |      17 |       0 |   0.0
        D:3 |      46 |       0 |   0.0 |      14 |       0 |   0.0
        D:4 |      64 |      11 |  14.7 |       5 |       6 |  54.5
            +---------+---------+-------+---------+---------+-------
